 Dungeon Crawl Stone Soup version 0.23.0 (webtiles) character file.

Game seed: 12448559722533579317

80 Meow the Stinger (level 4, 26/36 HPs)
             Began as a Naga Venom Mage on Feb 24, 2019.
             Quit the game on level 2 of the Dungeon.
             The game lasted 00:05:22 (1484 turns).

Meow the Stinger (Naga Venom Mage)                  Turns: 1484, Time: 00:05:23

Health: 26/36      AC:  2    Str: 11    XL:     4   Next: 39%
Magic:  3/8        EV: 10    Int: 16    God:
Gold:   86         SH:  0    Dex: 11    Spells: 2/8 levels left

rFire    . . .     SeeInvis +   a - +0 hunting sling
rCold    . . .     Gourm    .   (no shield)
rNeg     . . .     Faith    .   g - +0 robe
rPois    +         Spirit   .   (no helmet)
rElec    .         Reflect  .   (no cloak)
rCorr    .         Harm     .   (no gloves)
MR       .....                  (no barding)
Stlth    ++........             (no amulet)
HPRegen  0.12/turn              (no ring)
MPRegen  0.11/turn              (no ring)

@: short of breath, very slightly contaminated, very slow
A: large, see invisible, deformed body, poison resistance, slowness 2, slow
metabolism 1, spit poison 1, AC +1
a: Spit Poison


You were on level 2 of the Dungeon.
You were hungry.

You visited 1 branch of the dungeon, and saw 2 of its levels.

You collected 86 gold pieces.

Inventory:

Hand Weapons
 a - a +0 hunting sling (weapon)
 b - a +0 whip of venom
 n - a +0 spear
 p - a +1 long sword of slicing
 q - a +0 short sword
Missiles
 d - 47 arrows
 f - 21 sling bullets (quivered)
 h - 21 stones
 j - 13 bolts
 k - 7 javelins
Armour
 g - a +0 robe (worn)
Scrolls
 m - a scroll of identify {unknown}
 o - a scroll of blinking {unknown}
 u - a scroll of fog {unknown}
Potions
 e - a potion of brilliance {unknown}
 i - a potion of haste {unknown}
 l - 2 potions of magic {unknown}
 r - a potion of cancellation {unknown}
 s - 2 potions of mutation {unknown}
 t - a potion of heal wounds {unknown}
Comestibles
 c - 4 rations


   Skills:
 - Level 1.5 Dodging
 - Level 3.0 Stealth
 + Level 2.9 Spellcasting
 + Level 2.4 Conjurations
 + Level 5.0 Poison Magic


You had 2 spell levels left.
You knew the following spells:

 Your Spells              Type           Power        Failure   Level  Hunger
a - Sting                 Conj/Pois      ##..         4%          1    #......
b - Poisonous Vapours     Pois/Air       ##....       10%         2    ##.....
c - Mephitic Cloud        Conj/Pois/Air  ##......     21%         3    ###....

Your spell library contained the following spells:

 Spells                   Type           Power        Failure   Level  Hunger
 Olgreb's Toxic Radiance  Pois           ###.....     24%         4    #####..
 Venom Bolt               Conj/Pois      ##........   75%         5    ######.


Dungeon Overview and Level Annotations

Branches:
Dungeon (2/15)

Altars:
Makhleb


Innate Abilities, Weirdness & Mutations

You cannot wear boots.
Your serpentine skin is tough. (AC +1)
You have supernaturally acute eyesight. (SInv)
Armour fits poorly on your strangely shaped body.
Your system is resistant to poisons. (rPois)
You cover ground very slowly.
You have a slow metabolism.
You can spit poison.


Message History

You can't do that yet.
Casting: Sting (safe; 4% risk of failure)
Confirm with . or Enter, or press ? or * to list all spells.
Aiming: Sting (safe; 4% risk of failure)
Press: ? - help, Shift-Dir - straight line, f/p - hound
Aim: a hound (severely wounded, poisoned)
The sting hits the hound but does no damage.
The hound looks even sicker.
The hound is severely wounded.
You have got your breath back.
The hound bites you. The hound completely misses you.
Press: ? - help, Shift-Dir - straight line, f/p - hound
Aim: a hound (severely wounded, poisoned)
The splash of poison hits the hound!
You kill the hound!
Your Poison Magic skill increases to level 5!
You have reached level 4!
You feel stronger.
You feel slightly more hungry.
Are you sure you want to abandon this character and quit the game? (Confirm with "yes".)

#...#......#
#.# #.....## #
#......## ##
#.......# _.#
#.......## ..#
#....#...# ..#
#....##..###.#
#....###..#..#
###### ##.@.#
##.## #######
###...#.#
#...###.#
######.### #.#
# ####......#
#.#
###....######
#.# ....####
##.##


There were no monsters in sight!

Vanquished Creatures
  A hound (D:2)
  An adder (D:2)
  4 dart slugs
  A leopard gecko (D:2)
  An orc (D:2)
  2 giant cockroaches (D:2)
  A hobgoblin (D:2)
  A quokka (D:2)
  5 bats
  5 goblins
  4 kobolds
  8 rats
34 creatures vanquished.

Notes
Turn   | Place    | Note
-------+----------+-------------------------------------------
     0 | D:1      | Meow the Naga Venom Mage began the quest for the Orb.
     0 | D:1      | Reached XP level 1. HP: 15/15 MP: 3/3
   310 | D:1      | Reached XP level 2. HP: 22/22 MP: 1/5
   314 | D:1      | Learned a level 2 spell: Poisonous Vapours
  1077 | D:2      | Reached XP level 3. HP: 28/28 MP: 4/6
  1082 | D:2      | Learned a level 3 spell: Mephitic Cloud
  1477 | D:2      | Found a burning altar of Makhleb.
  1483 | D:2      | Reached skill level 5 in Poison Magic
  1483 | D:2      | Reached XP level 4. HP: 26/36 MP: 3/8
  1484 | D:2      | Quit the game

Skill      XL: |  1  2  3 |
---------------+----------+-----
Conjurations   | 2 |  2.4
Poison Magic   | 5 |  5.0
Dodging        | |  1.5
Stealth        | |  3.0
Spellcasting   | |  2.9

Action                   |  1- 3 |  4- 6 || total
-------------------------+-------+-------++-------
 Fire: Hunting sling     |    19 |       ||    19
 Cast: Sting             |    24 |       ||    24
 Abil: Spit Poison       |    24 |     1 ||    25
  Eat: Chunk             |     2 |       ||     2
Armor: Robe              |     2 |       ||     2
Dodge: Dodged            |     4 |       ||     4
